 Dungeon Crawl Stone Soup version 0.31-a0-277-g31ea1f65cc (webtiles) character file.

Game seed: 15280743735229443639

4803 Flugkiller the Mimic (level 10, -15/81 HPs)
             Began as an Octopode Berserker on July 15, 2023.
             Was an Elder of Trog.
             Killed from afar by a steam dragon (22 damage)
             ... with a ball of steam
             ... on level 9 of the Dungeon.
             The game lasted 00:05:55 (8101 turns).

Flugkiller the Mimic (Octopode Berserker)           Turns: 8101, Time: 00:05:55

Health: -15/81     AC: 10    Str: 24    XL:     10   Next: 48%
Magic:  10/10      EV: 17    Int:  9    God:    Trog [****..]
Gold:   409        SH:  0    Dex: 14    Spells: 9/9 levels left

rFire   . .          .
                       - Unarmed
rCold   . . .        (shield currently unavailable)
rNeg    + . .        (helmet currently unavailable)
rPois   .            (no amulet)
rElec   .            f - ring of positive energy
rCorr   .            q - ring of flight
SInv    .            v - +5 ring of evasion
Will    .....        (no ring)
Stlth   +            (no ring)
HPRegen 0.33/turn    (no ring)
MPRegen 0.12/turn    (no ring)
                     (no ring)

%: no passive effects
@: snake-form, on berserk cooldown, flying, slowed, very slow
A: constrict, boosted hp, almost no armour, amphibious, 8 rings, large,
(camouflage 1), (gelatinous body 1), (nimble swimmer 1), (tentacles)
a: Begin Untransformation, Renounce Religion, Berserk, Trog's Hand, Brothers in
Arms


You were on level 9 of the Dungeon.
You worshipped Trog.
Trog was greatly pleased with you.
You were an enormous anaconda.
You visited 1 branch of the dungeon, and saw 9 of its levels.

You collected 469 gold pieces.
You spent 60 gold pieces at shops.

Inventory:

Hand Weapons
 y - the +6 halberd "Pirid" {heavy, *Slow rF- Int+8 SInv}
   (You found it on level 7 of the Dungeon)

   Int:       It affects your intelligence (+8).
   rF:        It makes you vulnerable to fire.
   SInv:      It lets you see invisible.
   *Slow:     It may slow you when you take damage.
Missiles
 b - 3 throwing nets
 x - a curare-tipped dart
Armour
 p - a +0 kite shield
   (You found it on level 5 of the Dungeon)
Jewellery
 f - a ring of positive energy (left tentacle)
   (You found it on level 2 of the Dungeon)
 q - a ring of flight (right tentacle)
   (You found it on level 5 of the Dungeon)
 v - a +5 ring of evasion (on tentacle)
   (You found it on level 6 of the Dungeon)
Talismans
 l - a serpent talisman
   (You found it on level 5 of the Dungeon)
Wands
 k - a wand of polymorph (16)
   (You found it on level 3 of the Dungeon)
 A - a wand of charming (8)
   (You took it off an orc on level 7 of the Dungeon)
Scrolls
 c - 3 scrolls of silence
 d - a scroll of fear
 e - 2 scrolls of immolation
 i - 2 scrolls of amnesia {unknown}
 m - a scroll of enchant armour {unknown}
 o - 2 scrolls of torment {unknown}
 r - a scroll of fog {unknown}
 t - 3 scrolls of teleportation
 u - a scroll of vulnerability {unknown}
 D - a scroll of poison {unknown}
 E - a scroll of noise {unknown}
Potions
 a - a potion of magic {unknown}
 g - a potion of attraction {unknown}
 h - 3 potions of haste
 j - a potion of might {unknown}
 n - 2 potions of resistance
 s - 4 potions of mutation
 w - 2 potions of curing {unknown}
 z - a potion of brilliance {unknown}
 B - a potion of heal wounds {unknown}
 C - a potion of degeneration {unknown}


   Skills:
 + Level 6.2 Fighting
 + Level 6.0 Dodging
 + Level 6.0 Unarmed Combat
 + Level 1.4 Evocations
 - Level 10.0 Shapeshifting


You had 9 spell levels left.
You didn't know any spells.
Your spell library was empty.

Dungeon Overview and Level Annotations

Branches:
Dungeon (9/15) Zot: 26782  Temple (0/1) D:5             Orc (0/2) D:9
   Lair: D:8-11

Altars:
Elyvilon
Hepliaklqana
Kikubaaqudgha
Qazlal
Ru
Trog
Vehumet
Yredelemnul
Zin
The Shining One

Shops:
D:5 [   D:6 ?   D:8 (

Annotations:
D:7 1 transporter, kae's ghost, novice DrSh


Innate Abilities, Weirdness & Mutations

You are an enormous anaconda.
You have a powerful constriction melee attack.
Your maximum health is increased.
Your armour is entirely melded.
You are incapable of wielding weapons or throwing items.
You cannot wear most types of armour.
You are amphibious.
You can wear up to eight rings at the same time.
((Your skin changes colour to match your surroundings (Stealth+).))
((Your rubbery body absorbs attacks. (AC +1, EV +1)))
((You are camouflaged when in or above water. (Stealth+)))
((You have tentacles for arms and can constrict up to eight enemies at once.))


Message History

The howler monkey hoots and howls with incredible vigour!
You hear a bellow! x4
A red film seems to cover your vision as you go berserk!
You feel yourself moving faster!
You feel mighty! The wight misses you. The wight closely misses you.
You body-slam the wight!!
You destroy the wight!
Trog accepts your kill.
You are too injured to fight recklessly!
You lash the wight! Your grab misses the wight.
The wight is almost destroyed.
The howler monkey hoots and howls with incredible vigour!
You hear a bellow! x2
You are too injured to fight recklessly!
You completely miss the wight. You grab the wight.
The wight is almost destroyed.
You feel yourself speed up.
You constrict the wight, but do no damage.
The wight misses you.
You are too injured to fight recklessly!
You lash the wight!
You destroy the wight!
Trog accepts your kill.
Your Evocations skill increases to level 1!
You are too injured to fight recklessly!
You barely miss the howler monkey. You grab the howler monkey.
You constrict the howler monkey. The howler monkey misses you.
You are too injured to fight recklessly!
You body-slam the howler monkey!!
You kill the howler monkey!
Trog accepts your kill.
The howler monkey hoots and howls with incredible vigour!
You hear an angry hiss.
You hear a bellow! x3
Your Dodging skill increases to level 6!
Your Unarmed Combat skill increases to level 6!
You are too injured to fight recklessly!
The howler monkey hits you.
The wight hits you from afar with a +3 spear of freezing.
You feel yourself slow down. The wight freezes you.
Items here: )) [[.
You are too injured to fight recklessly!
You completely miss the howler monkey. You grab the howler monkey.
You constrict the howler monkey. The howler monkey closely misses you.
The wight barely misses you.
You are too injured to fight recklessly!
You lash the howler monkey!
The howler monkey is almost dead.
You constrict the howler monkey.
You kill the howler monkey!
Trog accepts your kill.
You hear an angry hiss.
You are too injured to fight recklessly!
You barely miss the howler monkey. You grab the howler monkey.
You feel yourself speed up.
You constrict the howler monkey. The howler monkey barely misses you.
The wight barely misses you.
You are too injured to fight recklessly!
You body-slam the howler monkey!!
You kill the howler monkey!
Trog accepts your kill. The wight closely misses you.
Your life force feels restored.
You body-slam the wight!!
You destroy the wight!
Trog accepts your kill.
A steam dragon comes into view.
The steam dragon hisses angrily.
The wight closely misses you. The steam dragon breathes steam at you.
The ball of steam hits you.
Things that are here:
a +0 battleaxe; a +0 robe You closely miss the wight.
Your grab misses the wight.
You are engulfed in a cloud of scalding steam.
The wight barely misses you.
You hit the wight. Your grab misses the wight.
The wight is moderately damaged.
You are engulfed in a cloud of scalding steam.
You are no longer berserk.
You are exhausted.
You feel yourself slow down.
You lash the wight! You grab the wight.
The wight is almost destroyed.
You are engulfed in a cloud of scalding steam.
You constrict the wight.
You destroy the wight!
Trog accepts your kill. The steam dragon bites you.
* * * LOW HITPOINT WARNING * * *
The steam dragon claws you.
* * * LOW HITPOINT WARNING * * *
The steam dragon bites you but does no damage.
The steam dragon claws you but does no damage.
You hit the steam dragon but do no damage.
Your grab misses the steam dragon.
You are engulfed in a cloud of scalding steam.
* * * LOW HITPOINT WARNING * * *
The steam dragon breathes steam at you. The ball of steam hits you!!
You die...

### #.......)#
#........##..#
#######..<#$.#
########.###..#
#...[.##.#
..#+###
#.#§#.##.#
....... #§#....#
.......
#.##...###)......
.. #....)S)......
.. ##.####D#.....


cD# #.. .# ... .. ##.# .# . .. .# #.# .# .# .. You could see a steam dragon
(catching breath).

Vanquished Creatures
  Maggie (D:7)
  Grinder (D:3)
  Sigmund (D:5)
  A yak (D:5)
  2 wyverns (D:8)
  2 steam dragons
  Menkaure (D:7)
  A water moccasin (D:6)
  2 ice beasts
  An orc warrior (D:8)
  2 centaurs
  3 ogres
  A kobold brigand (D:6)
  A bullfrog (D:6)
  A gnoll sergeant (D:8)
  7 scorpions
  10 wights
  2 jellies
  8 killer bees
  3 howler monkeys (D:9)
  2 hounds
  2 gnoll boudas
  6 orc priests
  2 sleepcaps
  5 iguanas
  Natasha (thrice) (D:3)
  3 orc wizards
  12 gnolls
  8 adders
  A white imp (D:7)
  2 ufetubi
  A worm (D:4)
  22 orcs
  7 bats
  3 endoplasms
  3 giant cockroaches
  10 goblins
  2 hobgoblins
  4 quokkas
  4 ball pythons
  4 frilled lizards
  9 kobolds
  4 rats
170 creatures vanquished.

Notes
Turn   | Place    | Note
-------+----------+-------------------------------------------
     0 | D:1      | Flugkiller the Octopode Berserker began the quest for the
                  | Orb.
     0 | D:1      | Reached XP level 1. HP: 16/16 MP: 1/1
   307 | D:1      | Reached XP level 2. HP: 20/21 MP: 2/2
   983 | D:2      | Reached XP level 3. HP: 26/26 MP: 3/3
  1004 | D:2      | Found a glowing golden altar of the Shining One.
  1270 | D:2      | Reached ** piety under Trog
  1736 | D:3      | Reached XP level 4. HP: 32/33 MP: 4/4
  1874 | D:3      | Noticed Natasha
  1879 | D:3      | Killed Natasha
  1910 | D:3      | Found a radiant altar of Vehumet.
  2139 | D:3      | Noticed Grinder
  2154 | D:3      | Killed Grinder
  2155 | D:3      | Reached XP level 5. HP: 13/38 MP: 5/5
  2155 | D:3      | Reached XP level 6. HP: 15/44 MP: 6/6
  2188 | D:3      | Found a hazy altar of Hepliaklqana.
  2208 | D:3      | Noticed Natasha
  2307 | D:3      | Killed Natasha
  2560 | D:3      | Found a radiant altar of Vehumet.
  2634 | D:3      | Noticed Natasha
  2639 | D:3      | Killed Natasha
  2659 | D:3      | Found a hazy altar of Hepliaklqana.
  3138 | D:4      | Found a glowing silver altar of Zin.
  3248 | D:4      | Reached skill level 5 in Fighting
  3310 | D:4      | Found a white marble altar of Elyvilon.
  3343 | D:4      | Reached skill level 5 in Dodging
  3343 | D:4      | Reached skill level 5 in Unarmed Combat
  3343 | D:4      | Reached XP level 7. HP: 42/50 MP: 7/7
  3691 | D:5      | Entered Level 5 of the Dungeon
  4000 | D:5      | Found a staircase to the Ecumenical Temple.
  4051 | D:5      | Reached skill level 1 in Shapeshifting
  4095 | D:5      | Found a sacrificial altar of Ru.
  4169 | D:5      | Noticed a yak
  4179 | D:5      | Killed a yak
  4180 | D:5      | Reached skill level 3 in Shapeshifting
  4180 | D:5      | Reached XP level 8. HP: 57/57 MP: 8/8
  4389 | D:5      | Found Erlang's Dragon-Slaying Spoils.
  4431 | D:5      | Noticed Sigmund
  4435 | D:5      | Killed Sigmund
  4436 | D:5      | Reached skill level 4 in Shapeshifting
  4463 | D:6      | Found Daner's Magic Scroll Shop.
  4470 | D:6      | Bought a scroll of identify for 24 gold pieces
  4470 | D:6      | Bought a scroll of teleportation for 36 gold pieces
  4777 | D:6      | Reached skill level 5 in Shapeshifting
  5027 | D:6      | Reached *** piety under Trog
  5316 | D:6      | Reached skill level 6 in Shapeshifting
  5316 | D:6      | Reached XP level 9. HP: 53/62 MP: 9/9
  5948 | D:7      | Reached skill level 7 in Shapeshifting
  6356 | D:7      | Identified the +6 halberd "Pirid" {heavy, *Slow rF- Int+8
                  | SInv}
  6384 | D:7      | Found a stormy altar of Qazlal.
  6420 | D:7      | Reached skill level 8 in Shapeshifting
  6469 | D:7      | Noticed kae's ghost (novice DrSh)
  6474 | D:7      | Noticed Maggie
  6484 | D:7      | Killed Maggie
  6485 | D:7      | Reached skill level 9 in Shapeshifting
  6530 | D:7      | Found a transporter.
  6530 | D:7      | Noticed Menkaure
  6541 | D:7      | Killed Menkaure
  6542 | D:7      | Reached XP level 10. HP: 42/68 MP: 10/10
  6752 | D:7      | Found a basalt altar of Yredelemnul.
  6920 | D:8      | Found Dizxareo's Antique Weapon Emporium.
  6941 | D:8      | Reached **** piety under Trog
  7132 | D:8      | Reached skill level 10 in Shapeshifting
  7417 | D:8      | Found an ancient bone altar of Kikubaaqudgha.
  7511 | D:8      | Found a bloodstained altar of Trog.
  7880 | D:9      | Found a staircase to the Orcish Mines.
  8089 | D:9      | Reached skill level 1 in Evocations
  8101 | D:9      | Killed from afar by a steam dragon

Illustrated notes

Levels and vault maps discovered:
D:1:      psy_arrival_conway, layout_loops_corners
D:2:      kennysheep_big_flooded_room, layout_basic, basic_altar
D:3:      layout_loops_ring, mainiacjoe_overflow_boulevard,
          mainiacjoe_overflow_alcove_4, uniq_natasha, uniq_grinder
D:4:      layout_cave_pools, elyvilon_altar_5,
          mainiacjoe_overflow_concentric_impassable
D:5:      layout_cave_pools, marbit_many_paths, minmay_temple_entry_water_ring,
          nicolae_shop_dragon_depot, kennysheep_generic_room_2, uniq_sigmund
D:6:      layout_loops_corners, serial_shops, shop
D:7:      layout_gridville, mainiacjoe_overflow_alcove_2,
          nicolae_qazlal_general_emergency, gammafunk_ghost_stat_death,
          minmay_misc_feat_four_crosses, minmay_misc_feat_nine_boxes,
          uniq_maggie, uniq_menkaure
D:8:      layout_layer_cave, kennysheep_mini_moat, kennysheep_little_box,
          serial_shops, shop
D:9:      minmay_the_grid_triangle_9x9_recursive_2
          [minmay_the_grid_triangle_9x9_prize_center,
          minmay_the_grid_triangle_9x9_zippers_horizontal,
          minmay_the_grid_triangle_9x9_odd_lines,
          minmay_the_grid_triangle_9x9_dagger], layout_basic

Skill      XL: |  1  2  3  4  5  6  7  8  9 10 |
---------------+-------------------------------+-----
Fighting       | 4 5 6 |  6.2
Dodging        | 4 5 6 |  6.0
Unarmed Combat | 4 5 6 |  6.0
Shapeshifting  | 3 6 9 10 | 10.0
Evocations     | 1 |  1.4

Action                     |  1- 3 |  4- 6 |  7- 9 | 10-12 || total
---------------------------+-------+-------+-------+-------++-------
  Melee: Unarmed           |    73 |    50 |   209 |    86 ||   418
         Constrict         |    17 |    16 |    47 |    23 ||   103
         Tentacles         |     7 |    14 |    44 |       ||    65
         Punch             |     1 |       |    10 |       ||    11
 Invoke: Berserk           |       |     3 |     8 |     3 ||    14
    Use: Scroll            |       |     2 |     4 |       ||     6
         Potion            |       |     1 |       |       ||     1
   Stab: Sleeping          |     5 |     3 |     4 |       ||    12
         Distracted        |     1 |       |       |       ||     1
 Armour: Skin              |     5 |     1 |     9 |    28 ||    43
  Dodge: Dodged            |    31 |    25 |   131 |    95 ||   282
   Form: Anaconda          |       |       |     1 |       ||     1

Table legend: (Time is in decaauts)
 A = Elapsed time spent in this place.
 B = Non-inter-level travel time spent in this place.
 C = Inter-level travel time spent in this place.
 D = Time resting spent in this place.
 E = Time spent auto-exploring this place.
 F = Levels seen in this place.
 G = Mean time per level.
                   A        B        C        D        E       F      G
               +--------+--------+--------+--------+--------+-----+--------+
         Total |   8194 |   7971 |    223 |   1738 |   5040 |   9 |  910.4 |
       Dungeon |   8194 |   7971 |    223 |   1738 |   5040 |   9 |  910.4 |
               +--------+--------+--------+--------+--------+-----+--------+

Top non-repeatable levels by time:
     D:6: 1478 daAuts
     D:3: 1322 daAuts
     D:8: 1046 daAuts
     D:7: 921 daAuts
     D:1: 897 daAuts
     D:5: 792 daAuts
     D:2: 774 daAuts
     D:4: 744 daAuts
     D:9: 215 daAuts
